 Dungeon Crawl Stone Soup version 0.21.1-1-g345015fe64 (webtiles) character file.

389 Peloso the Slasher (level 6, -3/53 HPs)
             Began as a Minotaur Fighter on July 29, 2018.
             Slain by Grinder (5 damage)
             ... on level 4 of the Dungeon.
             The game lasted 00:05:10 (2470 turns).

Peloso the Slasher (Minotaur Fighter)               Turns: 2470, Time: 00:05:11

Health: -3/53      AC:  7    Str: 26    XL:     6   Next: 49%
Magic:  0/5        EV:  8    Int:  5    God:
Gold:   205        SH: 10    Dex: 11    Spells: 5/5 levels left

rFire    . . .     SeeInvis .   a - +1 long sword
rCold    . . .     Gourm    .   c - +0 shield
rNeg     . . .     Faith    .   b - +0 scale mail
rPois    .         Spirit   +   (helmet restricted)
rElec    .         Reflect  .   e - scarf {Spirit}
rCorr    .         Harm     .   (no gloves)
MR       +....                  (no boots)
Stlth    ..........             (no amulet)
HPRegen  0.17/turn              h - ring of protection from magic
MPRegen  0.09/turn              (no ring)

@: mighty, heavily drained
A: retaliatory headbutt, horns 2
a: no special abilities


You were on level 4 of the Dungeon.
You were very hungry.

You visited 1 branch of the dungeon, and saw 4 of its levels.

You collected 205 gold pieces.

Inventory:

Hand Weapons
 a - a +1 long sword (weapon)
Armour
 b - a +0 scale mail (worn)
 c - a +0 shield (worn)
 e - a scarf of spirit shield (worn)
Jewellery
 h - a ring of protection from magic (left hand)
Scrolls
 g - 4 scrolls of identify {unknown}
 m - a scroll of amnesia {unknown}
 n - 2 scrolls of enchant weapon
 p - a scroll of teleportation
Potions
 i - a potion of flight {unknown}
 j - a potion of resistance {unknown}
 k - a potion of heal wounds {unknown}
 l - a potion of curing
 o - a potion of mutation {unknown}
 q - a potion of brilliance {unknown}
Comestibles
 f - 4 rations


   Skills:
 + Level 4.6(3.4) Fighting
 + Level 5.6(4.4) Long Blades
 + Level 4.9(3.7) Armour
 + Level 1.4(0.3) Dodging
 + Level 0.1(0.0) Stealth
 + Level 5.2(4.0) Shields


You had 5 spell levels left.
You didn't know any spells.

Dungeon Overview and Level Annotations

Branches:
Dungeon (4/15)
 Temple: D:4-7

Altars:
Dithmenos
Elyvilon
Ru
Sif Muna
Yredelemnul
The Shining One

Annotations:
D:4 Dowan; Grinder; flt's ghost, novice SpEn


Innate Abilities, Weirdness & Mutations

You reflexively headbutt those who attack you in melee.
You have a pair of horns on your head.


Message History

The howler monkey hoots and howls with incredible vigour!
Grinder barely misses you.
Flt's ghost hits you but does no damage.
You miss flt's ghost.
Flt's ghost is moderately damaged.
The howler monkey barely misses you. You furiously retaliate!
You headbutt the howler monkey. Grinder barely misses you.
You block flt's ghost's attack. The howler monkey barely misses you.
Dowan hits you but does no damage.
You feel drained. Grinder hits you.
* * * LOW HITPOINT WARNING * * *
You completely miss flt's ghost.
Flt's ghost is moderately damaged.
Dowan hits you but does no damage.
You feel drained.
The howler monkey hits you but does no damage.
Flt's ghost hits you.
* * * LOW HITPOINT WARNING * * *
Grinder hits you.
* * * LOW HITPOINT WARNING * * *
You writhe in agony.
You die...

########.# #####
#........#########
#....##........#......##
.......................#
.......................#
.......$...............#
.......................#
...w..)Wh.....##......##
....##@e.....##......##
e.. #.5.....##........
#........#.........
#........#.........
#.?......##......##
##.......##......##
#.......##........
..................
.............


You could see Grinder, Dowan, a howler monkey, flt's ghost and a dart slug.

Vanquished Creatures
  Duvessa (D:4)
  A crimson imp (D:3)
  An orc priest (D:3)
  An orc wizard (D:3)
  Robin (D:3)
  8 adders
  An ooze (D:3)
  A worm (D:2)
  A leopard gecko (D:3)
  12 orcs (D:3)
  2 ball pythons
  9 bats
  3 giant cockroaches
  13 goblins
  10 hobgoblins
  9 jackals (D:1)
  2 frilled lizards (D:1)
  5 kobolds
  6 rats
  A spectral orc (D:3)
88 creatures vanquished.

Notes
Turn   | Place    | Note
-------+----------+-------------------------------------------
     0 | D:1      | Peloso the Minotaur Fighter began the quest for the Orb.
     0 | D:1      | Reached XP level 1. HP: 19/19 MP: 0/0
   107 | D:1      | Reached XP level 2. HP: 27/27 MP: 1/1
   270 | D:1      | Reached XP level 3. HP: 31/33 MP: 0/2
   684 | D:2      | Found a deep blue altar of Sif Muna.
   810 | D:2      | Reached XP level 4. HP: 17/40 MP: 1/3
  1292 | D:3      | Found a shadowy altar of Dithmenos.
  1429 | D:3      | Found a glowing golden altar of the Shining One.
  1440 | D:3      | Reached skill level 1 in Dodging
  1503 | D:3      | Found a sacrificial altar of Ru.
  1517 | D:3      | Reached XP level 5. HP: 39/46 MP: 4/4
  1607 | D:3      | Noticed Robin
  1644 | D:3      | Killed Robin
  1814 | D:3      | Reached skill level 5 in Long Blades
  1817 | D:3      | Reached XP level 6. HP: 18/53 MP: 2/5
  2216 | D:3      | Found a basalt altar of Yredelemnul.
  2306 | D:4      | Found a white marble altar of Elyvilon.
  2444 | D:4      | Noticed Dowan
  2445 | D:4      | Noticed Duvessa
  2447 | D:4      | Noticed flt's ghost (novice SpEn)
  2457 | D:4      | Noticed Grinder
  2459 | D:4      | Killed Duvessa
  2459 | D:4      | Reached skill level 5 in Shields
  2467 | D:4      | HP: 2/53 [howler monkey (2)]
  2470 | D:4      | Slain by Grinder

Skill      XL: |  1  2  3  4  5  6 |
---------------+-------------------+-----
Shields        | 4 5 |  5.2
Armour         | 4 |  4.9
Fighting       | 4 |  4.6
Long Blades    | 3 4 5 |  5.6
Dodging        | 1 |  1.4
Stealth        | |  0.1

Action                   |  1- 3 |  4- 6 || total
-------------------------+-------+-------++-------
Melee: Long sword        |    76 |   166 ||   242
       Headbutt          |     9 |    30 ||    39
  Use: Potion            |     1 |     2 ||     3
       Scroll            |       |     4 ||     4
  Eat: Chunk             |       |     4 ||     4
Armor: Scale mail        |    47 |    76 ||   123
Dodge: Dodged            |    33 |    53 ||    86
Block: Shield            |    44 |    87 ||   131
       Rpst.: Long sword |    11 |    13 ||    24
